 Dungeon Crawl Stone Soup version 0.19.0-19-g8c6edcc (webtiles) character file.

470 dvd the Sneak (level 7, -3/34 HPs)
             Began as a Vine Stalker Ice Elementalist on Nov 13, 2016.
             Was an Initiate of Ru.
             Slain by Blork the orc
             ... wielding a +3 scimitar of protection
              (7 damage)
             ... on level 5 of the Dungeon.
             The game lasted 00:12:37 (3540 turns).

dvd the Sneak (Vine Stalker Ice Elementalist)       Turns: 3540, Time: 00:12:38

Health: -3/34      AC:  2    Str: 11    XL:     7   Next: 9%
Magic:  0/13       EV: 13    Int: 16    God:    Ru [......]
Gold:   247        SH:  0    Dex: 15    Spells: 4 memorised, 5 levels left

rFire  . . .     SeeInvis .     n - +0 war axe (elec)
rCold  . . .     Gourm    .     a - +0 robe
rNeg   . . .     Faith    .     (no shield)
rPois  .         Spirit   +     (no helmet)
rElec  .         Reflect  .     (no cloak)
rCorr  .         Harm     .     (no gloves)
MR     .....                    (no boots)
Stlth  +++.......               (no amulet)
                                (no ring)
                                (no ring)

@: no status effects
A: fangs 2, regeneration 1, magic shield, antimagic bite, no device heal 3, rot
immunity
a: Renounce Religion


You were on level 5 of the Dungeon.
You worshipped Ru.
Ru was noncommittal.
You were hungry.

You visited 1 branch of the dungeon, and saw 5 of its levels.

You collected 247 gold pieces.

Inventory:

Hand Weapons
 n - a +0 war axe of electrocution (weapon)
 u - a +2 flail of draining
Armour
 a - a +0 robe (worn)
Scrolls
 e - 2 scrolls of enchant weapon {unknown}
 g - a scroll of noise {unknown}
 h - 3 scrolls of remove curse
 k - 5 scrolls of identify
 m - a scroll of teleportation {unknown}
 o - a scroll of blinking {unknown}
 q - a scroll of immolation {unknown}
 x - a scroll of random uselessness {unknown}
Potions
 d - 6 potions of curing {unknown}
 i - a potion of invisibility {unknown}
 j - 3 potions of haste {unknown}
 l - a potion of heal wounds {unknown}
 s - a potion of might {unknown}
 w - a potion of cancellation {unknown}
Books
 b - a book of Frost

   Spells                             Type                      Level
   a - Freeze                         Ice                          1
   b - Throw Frost                    Conjuration/Ice              2
   c - Ozocubu's Armour               Charms/Ice                   3
   d - Throw Icicle                   Conjuration/Ice              4
   e - Summon Ice Beast               Ice/Summoning                4
 v - a book of Maledictions

   Spells                             Type                      Level
   a - Corona                         Hexes                        1
   b - Ensorcelled Hibernation        Hexes/Ice                    2
   c - Confuse                        Hexes                        3
   d - Tukima's Dance                 Hexes                        3
   e - Dazzling Spray                 Conjuration/Hexes            3
Comestibles
 c - 6 bread rations
 f - 2 meat rations
 p - a slice of pizza
 t - 4 beef jerkies


   Skills:
 + Level 1.6 Fighting
 + Level 1.6 Axes
 + Level 2.6 Dodging
 + Level 4.4 Stealth
 + Level 3.9 Spellcasting
 + Level 1.2 Conjurations
 + Level 1.2 Hexes
 + Level 0.6 Charms
 + Level 4.4 Ice Magic


You had 5 spell levels left.
You knew the following spells:

 Your Spells              Type           Power        Failure   Level  Hunger
a - Freeze                Ice            ###.         3%          1    None
b - Throw Frost           Conj/Ice       ##....       10%         2    ##.....
c - Ozocubu's Armour      Chrm/Ice       ##......     21%         3    ###....
d - Ensorcelled Hibernat  Hex/Ice        ##....       10%         2    ##.....


Dungeon Overview and Level Annotations

Branches:
Dungeon (5/15)
 Temple: D:4-7

Altars:
Ashenzari
Okawaru
Ru
Trog
Vehumet

Annotations:
D:5 Blork the orc


Innate Abilities, Weirdness & Mutations

You have extremely sharp teeth.
Your natural rate of healing is unusually fast.
When hurt, damage is shared between your health and your magic reserves.
Your bite disrupts and absorbs the magic of your enemies.
Potions and wands cannot restore your health.
You are immune to rotting.


Message History

Unknown command.
You barely miss Blork the orc.
You bite Blork the orc, but do no damage.
Blork the orc is almost dead.
Blork the orc looks braver for a moment.
Blork the orc gestures wildly while chanting.
Blork the orc flickers and vanishes!
Deactivating autopickup; reactivate with Ctrl-A.
Something barely misses you.
Your magical contamination has completely faded away.
You hear some strange, mumbled words.
A puff of flame appears from out of thin air!
The puff of flame hits you!
* * * LOW HITPOINT WARNING * * *
Unknown command.
As you read the scroll labeled WIENOY KYPINO, it crumbles to dust.
It is a scroll of identify.
h - 3 scrolls of remove curse Something hits you!
You die...

### #.# #####.# #....<#
#.######## ##########.###
#.. ............># #.#
.######..@...#.###.#####.#
#.........##...#.....)...#
#.......#.##.#.#.#...###.#
#..###..#................#
###.......#...........#
#....#[##..........####
........................#
#.####..####.#.#..##..####
# #..####+#.#......#


There were no monsters in sight!

Vanquished Creatures
  2 phantoms
  A scorpion (D:4)
  A crimson imp (D:5)
  2 worker ants (D:4)
  Terence (D:3)
  6 adders (D:2)
  3 oozes
  3 adder skeletons
  A leopard gecko (D:4)
  4 orcs
  2 giant cockroaches
  8 goblins
  10 hobgoblins
  A jackal (D:2)
  6 kobolds
  2 quokkas (D:4)
  2 ball pythons (D:3)
  10 bats
  A frilled lizard (D:4)
  4 rats
70 creatures vanquished.

Notes
Turn   | Place    | Note
-------+----------+-------------------------------------------
     0 | D:1      | dvd the Vine Stalker Ice Elementalist began the quest for the Orb.
     0 | D:1      | Reached XP level 1. HP: 9/9 MP: 4/4
   183 | D:1      | Reached XP level 2. HP: 13/13 MP: 1/6
   218 | D:1      | Learned a level 2 spell: Throw Frost
   636 | D:1      | Reached XP level 3. HP: 13/16 MP: 0/7
   928 | D:1      | Learned a level 3 spell: Ozocubu's Armour
  1160 | D:2      | Found a shattered altar of Ashenzari.
  1162 | D:2      | Found a bloodstained altar of Trog.
  1283 | D:2      | Gained mutation: Your natural rate of healing is unusually fast. [Vine Stalker growth]
  1283 | D:2      | Reached XP level 4. HP: 21/21 MP: 4/9
  1327 | D:2      | Found an iron altar of Okawaru.
  1683 | D:2      | Found a radiant altar of Vehumet.
  1991 | D:3      | Noticed Terence
  2003 | D:3      | Killed Terence
  2003 | D:3      | Reached XP level 5. HP: 25/25 MP: 10/10
  2150 | D:3      | Found a sacrificial altar of Ru.
  2155 | D:3      | Became a worshipper of Ru the Awakened
  2466 | D:4      | HP: 1/25 [poisoned by a worker ant]
  2471 | D:4      | HP: 1/25 [poisoned by a worker ant]
  2476 | D:4      | HP: 1/25 [poisoned by a worker ant]
  2626 | D:4      | Reached skill level 1 in Fighting
  2631 | D:4      | HP: 1/25 [poisoned by a worker ant]
  2636 | D:4      | HP: 1/25 [poisoned by a worker ant]
  2641 | D:4      | HP: 1/25 [poisoned by a worker ant]
  2729 | D:4      | Learned a level 2 spell: Ensorcelled Hibernation
  2735 | D:4      | Noticed a phantom
  2903 | D:4      | Killed a phantom
  2903 | D:4      | Reached skill level 1 in Axes
  2903 | D:4      | Reached XP level 6. HP: 30/30 MP: 3/12
  3384 | D:5      | Entered Level 5 of the Dungeon
  3393 | D:5      | Noticed a phantom
  3408 | D:5      | Killed a phantom
  3408 | D:5      | Reached skill level 1 in Hexes
  3408 | D:5      | Reached XP level 7. HP: 28/34 MP: 3/13
  3505 | D:5      | Noticed Blork the orc
  3540 | D:5      | Slain by Blork the orc

Skill      XL: |  1  2  3  4  5  6 |
---------------+-------------------+-----
Stealth        | 3 4 |  4.4
Spellcasting   | 3 |  3.9
Dodging        | 2 |  2.6
Ice Magic      | 4 |  4.4
Fighting       | 1 |  1.6
Axes           | 1 |  1.6
Hexes          | 1 |  1.2
Conjurations   | |  1.2
Charms         | |  0.6

Action                   |  1- 3 |  4- 6 |  7- 9 || total
-------------------------+-------+-------+-------++-------
Melee: Unarmed           |    30 |     5 |       ||    35
       Bite              |    11 |    13 |     2 ||    26
       War axe           |       |    80 |     4 ||    84
 Cast: Freeze            |    34 |    14 |       ||    48
       Throw Frost       |    15 |    16 |     3 ||    34
       Ozocubu's Armour  |     3 |     8 |       ||    11
       Ensorcelled Hiber |       |     6 |     4 ||    10
  Use: Scroll            |       |       |     1 ||     1
 Stab: Sleeping          |     2 |     6 |     1 ||     9
       Distracted        |     1 |       |       ||     1
  Eat: Chunk             |     1 |     5 |     1 ||     7
       Meat ration       |     1 |       |       ||     1
Armor: Robe              |    11 |    18 |       ||    29
Dodge: Dodged            |    25 |    66 |     3 ||    94
